 Dungeon Crawl Stone Soup version 0.30-a0-359-gd0147acb1a (webtiles) character file.

Game seed: 11849133820837789330

245 MackTheKnife the Chopper (level 6, -6/42 HPs)
             Began as an Octopode Fighter on Nov 12, 2022.
             Mangled by minbekrie's ghost (11 damage)
             ... on level 3 of the Dungeon.
             The game lasted 00:02:56 (2319 turns).

MackTheKnife the Chopper (Octopode Fighter)         Turns: 2319, Time: 00:02:57

Health: -6/42      AC:  5    Str: 18      XL:     6   Next: 10%
Magic:  6/6        EV: 12    Int: 10      God:
Gold:   190        SH:  4    Dex:  7 (11) Spells: 5/5 levels left

rFire   . . .      SeeInvis .    a - +0 war axe
rCold   . . .      Faith    .    b - +0 buckler
rNeg    . . .      Spirit   .    (helmet restricted)
rPois   .          Reflect  .    (no amulet)
rElec   .          Harm     .    m - +4 ring of protection
rCorr   .          Rampage  .    s - ring of wizardry {Wiz+, !d}
Will    .....                    (no ring)
Stlth   ++........               (no ring)
HPRegen 0.27/turn                (no ring)
MPRegen 0.10/turn                (no ring)
                                 (no ring)
                                 (no ring)

@: no status effects
A: almost no armour, amphibious, 8 rings, camouflage 1, gelatinous body 1,
(nimble swimmer 1), tentacles
a: no special abilities


You were on level 3 of the Dungeon.
You visited 1 branch of the dungeon, and saw 3 of its levels.

You collected 190 gold pieces.

Inventory:

Hand Weapons
 a - a +0 war axe (weapon)
 u - a +2 mace of protection
   (You found it on level 3 of the Dungeon)
Armour
 b - a +0 buckler (worn)
Jewellery
 m - a +4 ring of protection (left tentacle)
   (You found it on level 1 of the Dungeon)
 s - a ring of wizardry (right tentacle) {Wiz+, !d}
   (You found it on level 2 of the Dungeon)
 x - a +6 ring of dexterity
   (You found it on level 3 of the Dungeon)
Scrolls
 d - 5 scrolls of teleportation {unknown}
 f - a scroll of fear {unknown}
 g - 2 scrolls of poison {unknown}
 h - a scroll of enchant weapon {unknown}
 p - a scroll of brand weapon {unknown}
 t - a scroll of amnesia {unknown}
 v - a scroll of noise {unknown}
 w - 3 scrolls of identify {unknown}
Potions
 c - a potion of might
 e - 2 potions of lignification {unknown}
 i - 2 potions of mutation {unknown}
 j - a potion of ambrosia {unknown}
 k - a potion of flight {unknown}
 l - 2 potions of brilliance {unknown}
 n - a potion of attraction {unknown}
 o - a potion of magic {unknown}
 q - 2 potions of curing
 r - 2 potions of haste {unknown}


   Skills:
 - Level 3.0 Fighting
 + Level 6.2 Axes
 - Level 3.0 Dodging
 - Level 0.2 Stealth
 - Level 3.0 Shields


You had 5 spell levels left.
You didn't know any spells.
Your spell library contained the following spells:

 Spells                   Type           Power      Damage    Failure   Level
 Shock                    Conj/Air       0%         1d3       21%         1
 Summon Small Mammal      Summ           0%         N/A       21%         1
 Call Canine Familiar     Summ           0%         N/A       50%         3
 Portal Projectile        Hex/Tloc       0%         N/A       50%         3
 Summon Guardian Golem    Hex/Summ       0%         N/A       50%         3
 Swiftness                Air            0%         N/A       50%         3
 Airstrike                Air            0%         2d(0-16)  86%         4
 Leda's Liquefaction      Hex/Erth       0%         N/A       86%         4
 Summon Ice Beast         Ice/Summ       0%         N/A       86%         4
 Summon Mana Viper        Hex/Summ       0%         N/A       99%         5
 Monstrous Menagerie      Summ           0%         N/A       100%        7


Dungeon Overview and Level Annotations

Branches:
Dungeon (3/15)

Altars:
Zin

Annotations:
D:3 minbekrie's ghost, amateur FoFi


Innate Abilities, Weirdness & Mutations

You cannot wear most types of armour.
You are amphibious.
You can wear up to eight rings at the same time.
Your skin changes colour to match your surroundings (Stealth+).
Your rubbery body absorbs attacks. (AC +1, EV +1)
((You are camouflaged when in or above water. (Stealth+)))
You have tentacles for arms and can constrict up to eight enemies at once.


Message History

The quasit claws you but does no damage. x2
You take 1 damage, and have 20/36 hp.
The quasit attacks as you move away! The quasit closely misses you.
The quasit claws you but does no damage.
The quasit closely misses you. The quasit barely misses you.
The quasit claws you but does no damage.
The quasit barely misses you.
You closely miss the quasit. Your grab misses the quasit.
Your squeeze misses the quasit.
Minbekrie's ghost whispers, "The ORB doesn't exist."
The quasit completely misses you. The quasit barely misses you.
The quasit claws you.
You barely miss the quasit. Your grab misses the quasit.
Your squeeze misses the quasit. The quasit bites you.
You feel clumsy.
The quasit claws you but does no damage.
The quasit misses you.
The quasit bites you but does no damage.
The quasit closely misses you.
The quasit claws you but does no damage.
You take 3 damage, and have 18/36 hp.
You closely miss the quasit. Your grab misses the quasit.
The quasit barely misses you. The quasit closely misses you.
The quasit claws you but does no damage.
The quasit bites you but does no damage.
The quasit claws you but does no damage. x2
Here: a quasit (lightly wounded)
The floor.
Unknown command.
You closely miss the quasit. Your grab misses the quasit.
The quasit barely misses you. The quasit claws you.
The quasit closely misses you.
You closely miss the quasit. Your grab misses the quasit.
Your tentacle-slap misses the quasit.
The quasit bites you but does no damage.
The quasit barely misses you.
The quasit claws you but does no damage.
The quasit completely misses you. The quasit barely misses you.
You block the quasit's attack.
You closely miss the quasit. Your grab misses the quasit.
The quasit barely misses you. The quasit closely misses you.
The quasit misses you.
You miss the quasit. Your grab misses the quasit.
Your tentacle-slap misses the quasit.
Your squeeze misses the quasit. The quasit closely misses you.
The quasit claws you. The quasit barely misses you.
The quasit closely misses you. The quasit claws you.
The quasit claws you but does no damage.
You take 2 damage, and have 16/36 hp.
You miss the quasit. You grab the quasit.
You constrict the quasit, but do no damage.
The quasit barely misses you. x3; The quasit bites you.
The quasit closely misses you. The quasit misses you.
You take 3 damage, and have 13/36 hp.
You hit the quasit but do no damage. You squeeze the quasit.
You constrict the quasit. The quasit barely misses you.
The quasit closely misses you. The quasit misses you.
You slash the quasit!
You kill the quasit!
Minbekrie's ghost misses you.
Your Axes skill increases to level 6!
You have reached level 6!
You regained 3 hp, and now have 16/42 hp.
MP restored: 6 Minbekrie's ghost attacks as you move away!
Minbekrie's ghost completely misses you.
You see here 4 gold pieces.
You see here a +6 ring of dexterity.
x - a +6 ring of dexterity Minbekrie's ghost hits you!
* * * LOW HITPOINT WARNING * * *
You take 11 damage, and have 6/42 hp.
MASSIVE DAMAGE!!
Minbekrie's ghost attacks as you move away!
Minbekrie's ghost closely misses you.
Minbekrie's ghost screams, "You will never get the ORB!"
Minbekrie's ghost attacks as you move away!
Minbekrie's ghost hits you.
* * * LOW HITPOINT WARNING * * *
You take 3 damage, and have 4/42 hp.
Minbekrie's ghost attacks as you move away!
Minbekrie's ghost barely misses you.
There is a transporter here.
You enter the transporter and appear at another place.
You feel a little less mighty now.
Minbekrie's ghost whispers, "The ORB doesn't exist."
Minbekrie's ghost barely misses you.
Okay, then.
Minbekrie's ghost attacks as you move away!
Minbekrie's ghost hits you.
* * * LOW HITPOINT WARNING * * *
You take 4 damage, and have 1/42 hp.
Here: minbekrie's ghost The floor.
Minbekrie's ghost attacks as you move away!
Minbekrie's ghost misses you.
Minbekrie's ghost shouts, "Very impressive.
But it won't help.
Nothing will."
Minbekrie's ghost attacks as you move away!
Minbekrie's ghost hits you!
You die...

#..........+.....+..........>...
##.#.......##.....###.#.#####.###
...........##.....# #.#.......# #
##.######....###### #.####....# #
#.# #.##.## #.# #....# # #.#
#.##..# #.# #....### #.# #<###.##
#.# ####..#.. #.#
###'###..######)###........ #.#
#.....##..@W.##.#...####.©.
#.####.....######......###..####
#.#<##.....# ####..##..#..$$.
#.#.##.....# #..#....###..
#.#.##.....# #..##.#.....#
#.#.##.....# #...#...#..©.
#.#.##.....# #.#.#..##..#.
#.#.##.....# #.#.#....#...
#.#.######## #.#.##......#


You could see minbekrie's ghost.

Vanquished Creatures
  4 quasits (D:3)
  A jelly (D:3)
  2 adders (D:2)
  3 worms (D:2)
  4 dart slugs
  A ball python (D:1)
  3 bats
  5 endoplasms
  3 giant cockroaches
  7 hobgoblins
  3 jackals (D:2)
  3 kobolds
  5 quokkas
  2 frilled lizards
  6 goblins
  3 rats (D:2)
55 creatures vanquished.

Notes
Turn   | Place    | Note
-------+----------+-------------------------------------------
     0 | D:1      | MackTheKnife the Octopode Fighter began the quest for the
                  | Orb.
     0 | D:1      | Reached XP level 1. HP: 16/16 MP: 1/1
     0 | D:1      | Noticed an ice dragon
     0 | D:1      | Noticed a tentacled monstrosity
     2 | D:1      | Noticed a tentacled monstrosity
     4 | D:1      | Noticed an ice dragon
     4 | D:1      | Noticed an ice dragon
     6 | D:1      | Noticed a large abomination
     7 | D:1      | Noticed an orb of fire
     8 | D:1      | Noticed a white draconian
     9 | D:1      | Noticed an ice dragon
    11 | D:1      | Noticed a white draconian
    11 | D:1      | Noticed a large abomination
    13 | D:1      | Noticed a shadow dragon
    13 | D:1      | Noticed an ice dragon
    14 | D:1      | Noticed a black draconian
    19 | D:1      | Noticed an ice dragon
    19 | D:1      | Noticed a shadow dragon
    19 | D:1      | Noticed an orb of fire
    21 | D:1      | Noticed a green draconian
    21 | D:1      | Noticed a large abomination
   117 | D:1      | Reached XP level 2. HP: 16/21 MP: 2/2
   149 | D:1      | Found a faded altar of an unknown god.
   380 | D:1      | Reached skill level 3 in Axes
   557 | D:1      | Reached XP level 3. HP: 26/26 MP: 3/3
   856 | D:2      | Reached skill level 4 in Axes
   936 | D:2      | Reached XP level 4. HP: 31/31 MP: 4/4
  1508 | D:3      | Found a transporter.
  1512 | D:3      | Noticed minbekrie's ghost (amateur FoFi)
  1607 | D:3      | Found a glowing silver altar of Zin.
  1777 | D:3      | Found a transporter.
  2015 | D:3      | Reached skill level 5 in Axes
  2015 | D:3      | Reached XP level 5. HP: 29/36 MP: 5/5
  2291 | D:3      | Reached skill level 6 in Axes
  2291 | D:3      | Reached XP level 6. HP: 16/42 MP: 6/6
  2294 | D:3      | HP: 6/42 [minbekrie's ghost (11)]
  2299 | D:3      | HP: 4/42 [minbekrie's ghost (3)]
  2303 | D:3      | HP: 1/42 [minbekrie's ghost (4)]
  2319 | D:3      | Mangled by minbekrie's ghost

Illustrated notes

Levels and vault maps discovered:
D:1:      shiori_arrival_whats_in_store_for_you, layout_basic,
          ebering_ecumenical_altar_ruins, hex_large,
          hangedman_abyss_or_decor_stabs
D:2:      layout_loops_ring, amcnicky_mini_pool_small, minmay_misc_feat_plants,
          chequers_mini_garden
D:3:      layout_basic, zin_scriptorium, gammafunk_ghost_stat_death,
          minmay_goblin_kobold_house

Skill      XL: |  1  2  3  4  5 |
---------------+----------------+-----
Axes           | 3 4 5 6 |  6.2
Fighting       | |  3.0
Dodging        | |  3.0
Stealth        | |  0.2
Shields        | |  3.0

Action                   |  1- 3 |  4- 6 || total
-------------------------+-------+-------++-------
Melee: War axe           |    64 |    60 ||   124
       Tentacles         |    11 |     7 ||    18
       Constrict         |    14 |    10 ||    24
       Punch             |     1 |       ||     1
  Use: Potion            |       |     2 ||     2
 Stab: Sleeping          |     9 |     7 ||    16
Armor: Skin              |    14 |    51 ||    65
Dodge: Dodged            |    31 |   108 ||   139
Block: Buckler           |     8 |    20 ||    28

Table legend: (Time is in decaauts)
 A = Elapsed time spent in this place.
 B = Non-inter-level travel time spent in this place.
 C = Inter-level travel time spent in this place.
 D = Time resting spent in this place.
 E = Time spent auto-exploring this place.
 F = Levels seen in this place.
 G = Mean time per level.
                   A        B        C        D        E       F      G
               +--------+--------+--------+--------+--------+-----+--------+
         Total |   2358 |   2259 |     99 |     52 |   1759 |   3 |  786.0 |
       Dungeon |   2358 |   2259 |     99 |     52 |   1759 |   3 |  786.0 |
               +--------+--------+--------+--------+--------+-----+--------+

Top non-repeatable levels by time:
     D:3: 878 daAuts
     D:1: 754 daAuts
     D:2: 725 daAuts

Table legend:
 A = Kills in this place as a percentage of kills in entire the game.
 B = Kills by you in this place as a percentage of kills by you in the entire game.
 C = Kills by friends in this place as a percentage of kills by friends in the entire game.
 D = Other kills in this place as a percentage of other kills in the entire game.
 E = Experience gained in this place as a percentage of experience gained in the entire game.
 F = Experience gained in this place divided by the number of levels of this place that you have seen.
                   A       B       C       D       E      F
               +-------+-------+-------+-------+-------+----------------------
         Total | 100.0 | 100.0 |   N/A |   N/A | 100.0 | 117.0
       Dungeon | 100.0 | 100.0 |   N/A |   N/A | 100.0 | 117.0
               +-------+-------+-------+-------+-------+----------------------
